[Event "CZE-ch Youth B14 2022"]
[Site "Luhacovice"]
[Date "2022.03.14"]
[Round "4.11"]
[White "Juhanak, Daniel"]
[Black "Mrazek, Adam"]
[Result "1-0"]
[ECO "B38"]
[WhiteElo "1688"]
[BlackElo "1582"]
[Annotator "NA"]
[PlyCount "59"]
[EventDate "2022.03.12"]
[EventType "swiss"]
[EventCountry "CZE"]
[SourceTitle "playchess.com"]
[Source "ChessBase"]
[SourceQuality "1"]
[TimeControl "40/5400+30:1800+30"]

1. e4 c5 2. Nf3 Nc6 3. d4 cxd4 4. Nxd4 g6 5. c4 Bg7 6. Be3 Nf6 7. Nc3 O-O 8. Be2 d6 9. O-O Bd7 10. Nc2 Rc8 11. Rc1 Ne5 12. Na3 b6 13. f3 Bc6 14. Qd2 Ned7 15. Rfd1 a5 16. b3 Nc5 17. Bf1 Nfd7 18. Nc2 Qc7 19. Kh1 Rfd8 20. Nd4 Ne5 21. Qf2 Ra8 22. Rc2 Be8 23. Nd5 Qb7 24. Qh4 Ra7 25. Bg5 Bf8 26. f4 Nc6 27. Nb5 Raa8 28. f5 Nb4 29. Rc3 f6 30. Rh3 1-0

[Event "CZE-ch Youth B14 2022"]
[Site "Luhacovice"]
[Date "2022.03.14"]
[Round "4.12"]
[White "Veverka, Vladimir"]
[Black "Hozda, Max"]
[Result "0-1"]
[ECO "D31"]
[WhiteElo "1723"]
[BlackElo "1901"]
[Annotator "ChessBase"]
[PlyCount "72"]
[EventDate "2022.03.12"]
[EventType "swiss"]
[EventCountry "CZE"]
[SourceTitle "playchess.com"]
[Source "ChessBase"]
[SourceQuality "1"]
[TimeControl "40/5400+30:1800+30"]

1. d4 d5 2. c4 e6 3. Nc3 c6 4. cxd5 exd5 5. Nf3 Bf5 6. Bf4 Nf6 7. e3 Nbd7 8. Bd3 Bg4 9. h3 Bh5 10. O-O Be7 11. Rb1 a5 12. a3 O-O 13. Be2 Re8 14. b4 axb4 15. axb4 Ne4 16. Nxe4 dxe4 17. Nd2 Bxe2 18. Qxe2 f5 19. Nc4 Nf6 20. Rfc1 Nd5 21. Ne5 Bxb4 22. Qc4 Qe7 23. Rb3 Rec8 24. Rcb1 Ra4 25. Bg3 Kf8 26. Rc1 Qe6 27. Rcb1 b5 28. Qc2 Bd6 29. Rc1 Bxe5 30. Bxe5 Rc4 31. Qb2 Nb6 32. Bg3 Kg8 33. Rxc4 Nxc4 34. Qc2 Ra8 35. Qd1 Qd5 36. Qc2 Nd2 0-1

[Event "CZE-ch Youth B14 2022"]
[Site "Luhacovice"]
[Date "2022.03.15"]
[Round "5.1"]
[White "Brozka, Karel"]
[Black "Hladky, Tadeas"]
[Result "1/2-1/2"]
[ECO "D15"]
[WhiteElo "2125"]
[BlackElo "2029"]
[Annotator "ChessBase"]
[PlyCount "111"]
[EventDate "2022.03.12"]
[EventType "swiss"]
[EventCountry "CZE"]
[SourceTitle "playchess.com"]
[Source "ChessBase"]
[SourceQuality "1"]
[TimeControl "40/5400+30:1800+30"]

1. d4 d5 2. c4 c6 3. Nc3 Nf6 4. Nf3 a6 5. e3 Bf5 6. b3 e6 7. Bb2 Ne4 8. Nxe4 Bxe4 9. Nd2 Bg6 10. Be2 Bd6 11. O-O O-O 12. Nf3 Nd7 13. Rc1 h6 14. Ne5 Nxe5 15. dxe5 Be7 16. cxd5 cxd5 17. Qd4 Qd7 18. Rfd1 Rac8 19. e4 Rxc1 20. Bxc1 Rc8 21. exd5 Qxd5 22. Qxd5 exd5 23. Be3 Rc2 24. Bf3 Be4 25. Bxe4 dxe4 26. Rd7 Bg5 27. Bxg5 hxg5 28. g4 Rxa2 29. Rxb7 Ra5 30. Rb8+ Kh7 31. Rb7 Kg8 32. Rb8+ Kh7 33. Rb6 Rxe5 34. Rxa6 e3 35. fxe3 Rxe3 36. Rb6 Re2 37. h3 Rb2 38. b4 f6 39. Rb8 Kg6 40. b5 Kh7 41. Rb6 Kg6 42. Rb7 Kh7 43. b6 Kg6 44. Rb8 Kf7 45. Kf1 Ke7 46. b7 Kd7 47. Rg8 Rxb7 48. Rxg7+ Kc6 49. Rxb7 Kxb7 50. Kf2 Kc6 51. Kg3 Kd5 52. h4 gxh4+ 53. Kxh4 Ke5 54. Kh5 Kf4 55. Kg6 Kxg4 56. Kxf6 1/2-1/2

[Event "CZE-ch Youth B14 2022"]
[Site "Luhacovice"]
[Date "2022.03.15"]
[Round "5.2"]
[White "Prazak, Daniel"]
[Black "Fizer, Marek"]
[Result "1-0"]
[ECO "B40"]
[WhiteElo "2016"]
[BlackElo "1876"]
[Annotator "ChessBase"]
[PlyCount "59"]
[EventDate "2022.03.12"]
[EventType "swiss"]
[EventCountry "CZE"]
[SourceTitle "playchess.com"]
[Source "ChessBase"]
[SourceQuality "1"]
[TimeControl "40/5400+30:1800+30"]

1. e4 c5 2. Nf3 e6 3. g3 Nc6 4. Bg2 Qc7 5. O-O Nf6 6. Re1 d6 7. c3 Be7 8. d4 cxd4 9. cxd4 O-O 10. Nc3 Rd8 11. Bf4 Qb6 12. Qd2 d5 13. e5 Ne8 14. Rab1 Bd7 15. h4 Na5 16. Bg5 f6 17. exf6 Bxf6 18. Ne5 Nc4 19. Nxc4 dxc4 20. d5 h6 21. Bf4 exd5 22. Nxd5 Qd4 23. Qxd4 Bxd4 24. Ne7+ Kh8 25. Bxb7 Rab8 26. Bxb8 Rxb8 27. Bd5 Nf6 28. Bxc4 Ng4 29. Re2 Ne5 30. Rxe5 1-0

[Event "CZE-ch Youth B14 2022"]
[Site "Luhacovice"]
[Date "2022.03.15"]
[Round "5.3"]
[White "Zelba, Lukas"]
[Black "Setina, Vaclav"]
[Result "1-0"]
[ECO "D43"]
[WhiteElo "1945"]
[BlackElo "1881"]
[Annotator "ChessBase"]
[PlyCount "81"]
[EventDate "2022.03.12"]
[EventType "swiss"]
[EventCountry "CZE"]
[SourceTitle "playchess.com"]
[Source "ChessBase"]
[SourceQuality "1"]
[TimeControl "40/5400+30:1800+30"]

1. d4 d5 2. Nf3 Nf6 3. c4 c6 4. Nc3 e6 5. g3 Nbd7 6. Bg2 dxc4 7. e4 Bb4 8. Bg5 h6 9. Bxf6 Nxf6 10. Ne5 O-O 11. Nxc4 b6 12. a3 Be7 13. Ne5 Qc7 14. Rc1 a6 15. O-O Rd8 16. Nxc6 Re8 17. e5 Nd5 18. Nxd5 exd5 19. Nb4 Qd8 20. Nxd5 Ra7 21. f4 Bf8 22. Nb4 Bxb4 23. axb4 Rd7 24. d5 Bb7 25. d6 Bxg2 26. Kxg2 g6 27. Qd5 Kf8 28. Rfd1 b5 29. Rc5 Qb6 30. Qc6 Qa7 31. Ra1 Ra8 32. g4 Kg8 33. Ra3 Kh8 34. Kf1 h5 35. gxh5 gxh5 36. Rh3 Kg7 37. Qg2+ Kf8 38. Rxh5 f5 39. Rh8+ Kf7 40. e6+ Kxe6 41. Qg6# 1-0

[Event "CZE-ch Youth B14 2022"]
[Site "Luhacovice"]
[Date "2022.03.15"]
[Round "5.4"]
[White "Buchta, Bartolomej"]
[Black "Zrubek, Dan"]
[Result "1/2-1/2"]
[ECO "B76"]
[WhiteElo "1901"]
[BlackElo "1478"]
[Annotator "ChessBase"]
[PlyCount "67"]
[EventDate "2022.03.12"]
[EventType "swiss"]
[EventCountry "CZE"]
[SourceTitle "playchess.com"]
[Source "ChessBase"]
[SourceQuality "1"]
[TimeControl "40/5400+30:1800+30"]

1. e4 c5 2. Nf3 d6 3. d4 cxd4 4. Nxd4 Nf6 5. Nc3 g6 6. f3 Bg7 7. Be3 O-O 8. Bc4 Nc6 9. Bb3 Nxd4 10. Bxd4 Be6 11. Nd5 Bxd5 12. exd5 b5 13. O-O Qc7 14. Re1 Rfe8 15. a4 a6 16. axb5 axb5 17. Rxa8 Rxa8 18. Qe2 Qb7 19. Qxe7 Qxe7 20. Rxe7 Ra1+ 21. Kf2 Ng4+ 22. Kg3 Bxd4 23. Kxg4 Bxb2 24. Rb7 Ra5 25. f4 Bd4 26. h4 h5+ 27. Kf3 Kg7 28. g4 hxg4+ 29. Kxg4 Kf6 30. c4 bxc4 31. Bxc4 Ra7 32. Rb1 Kg7 33. f5 Bf6 34. fxg6 1/2-1/2

[Event "CZE-ch Youth B14 2022"]
[Site "Luhacovice"]
[Date "2022.03.15"]
[Round "5.5"]
[White "Babula, Matej"]
[Black "Soucek, Jan"]
[Result "0-1"]
[ECO "C06"]
[WhiteElo "1753"]
[BlackElo "1849"]
[Annotator "NA"]
[PlyCount "80"]
[EventDate "2022.03.12"]
[EventType "swiss"]
[EventCountry "CZE"]
[SourceTitle "playchess.com"]
[Source "ChessBase"]
[SourceQuality "1"]
[TimeControl "40/5400+30:1800+30"]

1. e4 e6 2. d4 d5 3. Nd2 Nf6 4. e5 Nfd7 5. Bd3 c5 6. c3 Nc6 7. Ne2 cxd4 8. cxd4 f6 9. exf6 Qxf6 10. Nf3 Bd6 11. O-O e5 $2 {[%emt 0:14:57] [#]} (11... h6 $14) 12. dxe5 $2 ({Weaker is} 12. Bg5 Qf7 $11) (12. Nc3 $1 $18 ) 12... Ndxe5 13. Nxe5 Bxe5 ({Don't play} 13... Qxe5 14. Bf4 Qf6 15. Bxd6 Qxd6 16. Nc3 $16) 14. Qb3 Qf7 15. Qa3 Bf5 16. Bxf5 Qxf5 17. f4 Bf6 18. Qe3+ Kf7 19. Ng3 Qc2 $1 20. Kh1 Rhe8 (20... Bxb2 $2 21. Bxb2 Qxb2 22. Rab1 $18) 21. Qf3 Rad8 22. f5 Re7 23. Nh5 Nd4 24. Qh3 Qxf5 25. Qxf5 Nxf5 26. Nxf6 gxf6 27. g4 Ne3 28. Bxe3 Rxe3 29. g5 Rd6 30. Rad1 Re5 31. Rc1 Rxg5 32. Rc7+ Kg6 33. Rxb7 {[%emt 0:00:06] [#]} d4 $1 34. Rxa7 $19 (34. h4 {is a better chance.} Rg4 35. Rxa7) 34... d3 35. Re7 d2 36. Rd1 Rc5 37. Re2 Rc1 38. Rg2+ Kf5 39. Rgg1 Rxd1 40. Rxd1 Ke4 0-1

[Event "CZE-ch Youth B14 2022"]
[Site "Luhacovice"]
[Date "2022.03.15"]
[Round "5.6"]
[White "Jasso, Matej"]
[Black "Svoboda, Daniel"]
[Result "1-0"]
[ECO "B78"]
[WhiteElo "1726"]
[BlackElo "1619"]
[Annotator "NA"]
[PlyCount "57"]
[EventDate "2022.03.12"]
[EventType "swiss"]
[EventCountry "CZE"]
[SourceTitle "playchess.com"]
[Source "ChessBase"]
[SourceQuality "1"]
[TimeControl "40/5400+30:1800+30"]

1. e4 c5 2. Nf3 d6 3. d4 cxd4 4. Nxd4 Nf6 5. Nc3 g6 6. Be3 Bg7 7. f3 O-O 8. Bc4 Nc6 9. Qd2 Bd7 10. O-O-O Rc8 11. Bb3 Nxd4 12. Bxd4 b5 13. h4 a5 14. a4 b4 15. Nb5 Bxb5 16. axb5 e6 17. h5 Re8 18. g4 d5 19. h6 Bf8 20. b6 dxe4 21. Ba4 b3 22. c3 e5 23. Be3 Qxd2+ 24. Rxd2 Red8 25. b7 Rb8 26. Rxd8 Rxd8 27. Ba7 Bd6 28. Rd1 Ne8 29. Bxe8 1-0

[Event "CZE-ch Youth B14 2022"]
[Site "Luhacovice"]
[Date "2022.03.15"]
[Round "5.7"]
[White "Siles, Jan"]
[Black "Vysinsky, Otakar"]
[Result "1-0"]
[ECO "C49"]
[WhiteElo "1548"]
[BlackElo "1534"]
[Annotator "NA"]
[PlyCount "97"]
[EventDate "2022.03.12"]
[EventType "swiss"]
[EventCountry "CZE"]
[SourceTitle "playchess.com"]
[Source "ChessBase"]
[SourceQuality "1"]
[TimeControl "40/5400+30:1800+30"]

1. e4 e5 2. Nf3 Nf6 3. Nc3 Nc6 4. Bb5 Bb4 5. O-O O-O 6. a3 Ba5 7. b4 Bb6 8. Bb2 d6 9. h3 Nd4 10. Nxd4 Bxd4 11. Qe2 Be6 12. Nd1 Bxb2 13. Nxb2 c6 14. Bc4 d5 15. exd5 cxd5 16. Bb3 Re8 17. Rfe1 Qc7 18. Qxe5 Qd7 19. Qg3 Ne4 20. Qd3 b5 21. Nd1 Bf5 22. Ne3 Bxh3 23. Qxd5 Be6 24. Qxd7 Bxd7 25. d3 Nc3 26. Nd5 Ne2+ 27. Kf1 Nd4 28. Rxe8+ Rxe8 29. Re1 Kf8 30. Rxe8+ Kxe8 31. Ke1 Bc6 32. Ne3 f5 33. f4 h6 34. Ba2 Ke7 35. c3 Ne6 36. Nxf5+ Kf6 37. Bxe6 Kxe6 38. Nd4+ Kd6 39. Nxc6 Kxc6 40. Ke2 Kd5 41. Kf3 h5 42. g3 g6 43. Ke3 a6 44. Kf3 Ke6 45. Ke4 Kf6 46. c4 bxc4 47. dxc4 g5 48. fxg5+ Kxg5 49. Kf3 1-0

[Event "CZE-ch Youth B14 2022"]
[Site "Luhacovice"]
[Date "2022.03.15"]
[Round "5.8"]
[White "Juracak, David"]
[Black "Juhanak, Daniel"]
[Result "1-0"]
[ECO "E14"]
[WhiteElo "1717"]
[BlackElo "1688"]
[Annotator "NA"]
[PlyCount "121"]
[EventDate "2022.03.12"]
[EventType "swiss"]
[EventCountry "CZE"]
[SourceTitle "playchess.com"]
[Source "ChessBase"]
[SourceQuality "1"]
[TimeControl "40/5400+30:1800+30"]

1. d4 Nf6 2. c4 e6 3. Nf3 b6 4. e3 Bb7 5. Bd3 d5 6. b3 dxc4 7. bxc4 c5 8. Bb2 Nc6 9. O-O Be7 10. Nbd2 O-O 11. Rc1 Qc7 12. Qe2 Rfd8 13. Rfd1 Rac8 14. h3 h6 15. Nb3 a5 16. Nbd2 Qb8 17. a3 Qa8 18. Rb1 Rd7 19. dxc5 bxc5 20. Nb3 a4 21. Bxf6 gxf6 22. Nxc5 Bxc5 23. Bh7+ Kxh7 24. Rxd7 Nd8 25. Rb5 Kg7 26. Rxd8 Rxd8 27. Rxc5 Qa6 28. Nd4 Qb6 29. Rb5 Qc7 30. Qg4+ Kh7 31. Qh4 f5 32. Rxb7 Rxd4 33. Rxc7 Rxh4 34. Rxf7+ Kg6 35. Rc7 Re4 36. Kf1 f4 37. Ke2 fxe3 38. fxe3 Re5 39. Ra7 Rg5 40. g4 h5 41. gxh5+ Rxh5 42. Rxa4 Rxh3 43. c5 Kf6 44. c6 Ke7 45. Rd4 Rh2+ 46. Kd3 Ra2 47. a4 Ra3+ 48. Kd2 Ra2+ 49. Kc1 Ra3 50. Kb2 Rxe3 51. c7 e5 52. c8=Q exd4 53. Qc5+ Ke6 54. Qxd4 Re5 55. Qb6+ Ke7 56. a5 Rd5 57. a6 Kd7 58. Qb7+ Kd6 59. Qxd5+ Kxd5 60. a7 Kd6 61. a8=Q 1-0

[Event "CZE-ch Youth B14 2022"]
[Site "Luhacovice"]
[Date "2022.03.15"]
[Round "5.9"]
[White "Dusanek, Michal"]
[Black "Sigut, Ondrej"]
[Result "1-0"]
[ECO "C06"]
[WhiteElo "1682"]
[BlackElo "1536"]
[Annotator "NA RC"]
[PlyCount "105"]
[EventDate "2022.03.12"]
[EventType "swiss"]
[EventCountry "CZE"]
[SourceTitle "playchess.com"]
[Source "ChessBase"]
[SourceQuality "1"]
[TimeControl "40/5400+30:1800+30"]

1. e4 e6 2. d4 d5 3. Nd2 Nf6 4. e5 Nfd7 5. Bd3 c5 6. c3 Nc6 7. Ne2 cxd4 8. cxd4 f6 9. exf6 Nxf6 10. O-O Bd6 11. Nf3 O-O 12. Bg5 Qc7 13. Bh4 Bd7 14. Bg3 Rae8 15. Rc1 Bxg3 16. hxg3 Qd6 17. Nf4 e5 18. dxe5 Nxe5 19. Nd4 Nxd3 20. Qxd3 a6 21. Rfd1 Rd8 22. Qb3 b5 23. Qd3 Kh8 24. b4 Rfe8 25. a3 Rc8 26. Nb3 Rxc1 27. Rxc1 Rc8 28. Rxc8+ Bxc8 29. Nc5 g6 30. Qd4 Kg8 31. Ncd3 Bf5 32. Nc5 Bc8 33. Qc3 Bf5 34. Nb7 Qb6 35. Na5 Ne4 36. Qb2 Nf6 37. Nb3 Qd8 38. Qe5 Bc8 39. Nd4 Bg4 40. Nc6 Qf8 41. Ne7+ Kf7 42. Nexd5 Nxd5 43. Qxd5+ Kg7 44. Qb7+ Kh6 45. Qxa6 Bd7 46. Qb7 Qe8 47. Kh2 Bc6 48. Qb6 Kg7 49. Qd4+ Kh6 50. Qf6 Qd7 51. Ne6 Qd5 52. Qf8+ Kh5 53. Nf4+ 1-0

[Event "CZE-ch Youth B14 2022"]
[Site "Luhacovice"]
[Date "2022.03.15"]
[Round "5.10"]
[White "Kubin, Tomas Daniel"]
[Black "Davidek, Zdenek"]
[Result "1/2-1/2"]
[ECO "B18"]
[WhiteElo "1666"]
[BlackElo "1570"]
[Annotator "NA RC"]
[PlyCount "161"]
[EventDate "2022.03.12"]
[EventType "swiss"]
[EventCountry "CZE"]
[SourceTitle "playchess.com"]
[Source "ChessBase"]
[SourceQuality "1"]
[TimeControl "40/5400+30:1800+30"]

1. e4 c6 2. d4 d5 3. Nc3 dxe4 4. Nxe4 Bf5 5. Ng3 Bg6 6. h4 h6 7. h5 Bh7 8. Nf3 e6 9. Bd3 Bxd3 10. Qxd3 Nf6 11. Bd2 Be7 12. O-O-O O-O 13. Kb1 Nbd7 14. Ne4 Nxe4 15. Qxe4 Nf6 16. Qe2 Qd5 17. Rde1 b5 18. g4 Nh7 19. Ne5 Rfd8 20. g5 hxg5 21. f4 Bf6 22. Ba5 Bxe5 23. dxe5 Re8 24. fxg5 Nxg5 25. Qg4 f6 26. h6 Qf3 27. Qh4 g6 28. exf6 Nf7 29. h7+ Kh8 30. Rhg1 Qf5 31. Ref1 Qh5 32. Qxh5 gxh5 33. Rg7 Nd6 34. Rd7 Nf5 35. Bc3 Rf8 36. Rh1 h4 37. f7+ Kxh7 38. Bb4 Kg6 39. Bxf8 Rxf8 40. Rxa7 Rxf7 41. Rxf7 Kxf7 42. Kc1 Ke7 43. Kd2 Kd6 44. Ke1 e5 45. Kf2 e4 46. b3 b4 47. a4 bxa3 48. Ra1 Nd4 49. Ra2 Ke5 50. c3 Nxb3 51. Rxa3 Nc5 52. Ke3 Kd5 53. Ra2 Kc4 54. Rh2 Kxc3 55. Rxh4 Kc4 56. Rg4 Kc3 57. Rg6 Kc4 58. Rxc6 Kd5 59. Rh6 Nd7 60. Rh5+ Ke6 61. Ra5 Nf6 62. Kf4 e3 63. Kxe3 Nd5+ 64. Ke4 Nf6+ 65. Kd4 Ng4 66. Ra6+ Kf5 67. Rd6 Nf6 68. Rd8 Ke6 69. Ra8 Kf5 70. Ra5+ Ke6 71. Re5+ Kd6 72. Re1 Nd7 73. Rh1 Nf6 74. Rh3 Ke6 75. Re3+ Kd6 76. Ra3 Ke6 77. Ra5 Nd7 78. Ke4 Nf6+ 79. Kf4 Nd5+ 80. Kg5 Ke5 81. Rb5 1/2-1/2

[Event "CZE-ch Youth B14 2022"]
[Site "Luhacovice"]
[Date "2022.03.15"]
[Round "5.11"]
[White "Hozda, Max"]
[Black "Mrazek, Adam"]
[Result "1-0"]
[ECO "E93"]
[WhiteElo "1901"]
[BlackElo "1582"]
[Annotator "ChessBase"]
[PlyCount "79"]
[EventDate "2022.03.12"]
[EventType "swiss"]
[EventCountry "CZE"]
[SourceTitle "playchess.com"]
[Source "ChessBase"]
[SourceQuality "1"]
[TimeControl "40/5400+30:1800+30"]

1. d4 Nf6 2. c4 g6 3. Nc3 Bg7 4. e4 d6 5. Nf3 O-O 6. Be2 e5 7. d5 Nbd7 8. O-O a5 9. Qc2 Nc5 10. Be3 Nh5 11. Nd2 Nf4 12. Kh1 f5 13. f3 g5 14. b3 h5 15. a3 Nxe2 16. Nxe2 f4 17. Bg1 g4 18. b4 Nd7 19. fxg4 hxg4 20. Rab1 Nf6 21. g3 Nh5 22. Bf2 Rf7 23. c5 Bf8 24. cxd6 cxd6 25. Nc4 Rc7 26. Qb3 a4 27. Qa2 b5 28. Na5 Ra6 29. Nc6 Qe8 30. Rbc1 Bd7 31. Nc3 fxg3 32. hxg3 Rb7 33. Kg2 Bh6 34. Rce1 Kh7 35. Rh1 Bxc6 36. dxc6 Rxc6 37. Nd5 Kg6 38. Rxh5 Qf7 39. Rf5 Qe8 40. Qe2 1-0

[Event "CZE-ch Youth B14 2022"]
[Site "Luhacovice"]
[Date "2022.03.15"]
[Round "5.12"]
[White "Tesar, Jakub"]
[Black "Veverka, Vladimir"]
[Result "1-0"]
[ECO "C06"]
[WhiteElo "1660"]
[BlackElo "1723"]
[Annotator "NA"]
[PlyCount "61"]
[EventDate "2022.03.12"]
[EventType "swiss"]
[EventCountry "CZE"]
[SourceTitle "playchess.com"]
[Source "ChessBase"]
[SourceQuality "1"]
[TimeControl "40/5400+30:1800+30"]

1. e4 e6 2. d4 d5 3. Nd2 Nf6 4. e5 Nfd7 5. Bd3 c5 6. c3 Nc6 7. Ne2 cxd4 8. cxd4 f6 9. exf6 Nxf6 10. Nf3 Bd6 11. O-O Qc7 12. Bg5 O-O 13. Bh4 Bd7 14. Bg3 Be8 15. Ng5 Bf7 16. Qc2 h6 17. Nxf7 Rxf7 18. Bg6 Rff8 19. Rfe1 Bxg3 20. fxg3 Qd6 21. Rad1 Ne8 22. Nf4 Rf6 23. Qe2 Nc7 24. Bb1 Re8 25. Nh5 Rff8 26. Qd3 Rf5 27. g4 Nb4 28. Qe2 Rff8 29. a3 Nc6 30. Qc2 Ra8 31. Rf1 1-0

[Event "CZE-ch Youth B14 2022"]
[Site "Luhacovice"]
[Date "2022.03.16"]
[Round "6.1"]
[White "Prazak, Daniel"]
[Black "Zelba, Lukas"]
[Result "1/2-1/2"]
[ECO "C01"]
[WhiteElo "2016"]
[BlackElo "1945"]
[Annotator "ChessBase"]
[PlyCount "61"]
[EventDate "2022.03.12"]
[EventType "swiss"]
[EventCountry "CZE"]
[SourceTitle "playchess.com"]
[Source "ChessBase"]
[SourceQuality "1"]
[TimeControl "40/5400+30:1800+30"]

1. e4 e6 2. d4 d5 3. exd5 exd5 4. Nf3 Bd6 5. c4 Nf6 6. Nc3 c6 7. Bd3 O-O 8. O-O Bg4 9. h3 Bh5 10. g4 Bg6 11. Ne5 dxc4 12. Bxc4 Ne4 13. Qf3 Bxe5 14. dxe5 Qd4 15. Nxe4 Bxe4 16. Qc3 Qxc3 17. bxc3 Nd7 18. Re1 Bd5 19. Bxd5 cxd5 20. Rb1 Rfe8 21. f4 Nc5 22. Be3 Rac8 23. Bxc5 Rxc5 24. Rxb7 Rxc3 25. Kg2 Rc2+ 26. Kg3 Rxa2 27. Rc1 Ra3+ 28. Kg2 Ra2+ 29. Kg3 Ra3+ 30. Kg2 Ra2+ 31. Kg3 1/2-1/2

[Event "CZE-ch Youth B14 2022"]
[Site "Luhacovice"]
[Date "2022.03.16"]
[Round "6.2"]
[White "Hladky, Tadeas"]
[Black "Soucek, Jan"]
[Result "1-0"]
[ECO "C05"]
[WhiteElo "2029"]
[BlackElo "1849"]
[Annotator "ChessBase"]
[PlyCount "63"]
[EventDate "2022.03.12"]
[EventType "swiss"]
[EventCountry "CZE"]
[SourceTitle "playchess.com"]
[Source "ChessBase"]
[SourceQuality "1"]
[TimeControl "40/5400+30:1800+30"]

1. e4 e6 2. d4 d5 3. Nd2 Nf6 4. e5 Nfd7 5. Bd3 c5 6. c3 b6 7. Qe2 cxd4 8. cxd4 Nc6 9. Ndf3 Nb4 10. a3 Nxd3+ 11. Qxd3 Be7 12. Nh3 a5 13. Nfg5 g6 14. Qf3 O-O 15. O-O h6 16. Nxe6 fxe6 17. Qg4 Kh7 18. Nf4 Rg8 19. Nxe6 Qe8 20. Nc7 Qf8 21. Nxa8 Nxe5 22. Qg3 Nf7 23. Nxb6 Ba6 24. Re1 Qd8 25. Nxd5 Bd6 26. Bf4 Bxf4 27. Nxf4 Qxd4 28. Ne6 Qxb2 29. Qc7 Qf6 30. Nc5 Rc8 31. Qe7 Qf5 32. Nxa6 1-0

[Event "CZE-ch Youth B14 2022"]
[Site "Luhacovice"]
[Date "2022.03.16"]
[Round "6.3"]
[White "Buchta, Bartolomej"]
[Black "Brozka, Karel"]
[Result "1-0"]
[ECO "B32"]
[WhiteElo "1901"]
[BlackElo "2125"]
[Annotator "ChessBase"]
[PlyCount "94"]
[EventDate "2022.03.12"]
[EventType "swiss"]
[EventCountry "CZE"]
[SourceTitle "playchess.com"]
[Source "ChessBase"]
[SourceQuality "1"]
[TimeControl "40/5400+30:1800+30"]

1. e4 c5 2. Nf3 Nc6 3. d4 cxd4 4. Nxd4 e5 5. Nb5 d6 6. N1c3 a6 7. Na3 Be7 8. Nc4 b5 9. Ne3 Nf6 10. Ned5 Be6 11. Be3 Rb8 12. Nxf6+ Bxf6 13. a4 Nd4 14. axb5 axb5 15. Bxd4 exd4 16. Nxb5 Qb6 17. Ra6 Qc5 18. Nxd6+ Ke7 19. Bd3 Rhd8 20. Nf5+ Bxf5 21. exf5 Qb4+ 22. Qd2 Qxd2+ 23. Kxd2 Rxb2 24. Ra7+ Rd7 25. Rxd7+ Kxd7 26. Bc4 Ke7 27. Bb3 g6 28. fxg6 fxg6 29. Rd1 Bg5+ 30. Kd3 Bf6 31. g3 Kd6 32. Kd2 Bg5+ 33. f4 Bf6 34. Kc1 d3 35. Rxd3+ Ke7 36. Rd5 h5 37. Re5+ Bxe5 38. fxe5 Rxb3 39. cxb3 Ke6 40. Kd2 Kxe5 41. Ke3 g5 42. h3 Kd5 43. b4 Kc4 44. Ke4 Kxb4 45. Kf5 g4 46. h4 Kc5 47. Kg5 Kd5 1-0

[Event "CZE-ch Youth B14 2022"]
[Site "Luhacovice"]
[Date "2022.03.16"]
[Round "6.4"]
[White "Siles, Jan"]
[Black "Fizer, Marek"]
[Result "0-1"]
[ECO "A02"]
[WhiteElo "1548"]
[BlackElo "1876"]
[Annotator "NA"]
[PlyCount "88"]
[EventDate "2022.03.12"]
[EventType "swiss"]
[EventCountry "CZE"]
[SourceTitle "playchess.com"]
[Source "ChessBase"]
[SourceQuality "1"]
[TimeControl "40/5400+30:1800+30"]

1. f4 f5 2. Nf3 Nf6 3. e3 d6 4. Bc4 d5 5. Be2 g6 6. O-O Bg7 7. c3 (7. c4 $14 {is superior.}) 7... O-O 8. Ne5 b6 9. d4 Nbd7 10. c4 Bb7 11. cxd5 Nxe5 ({Resist} 11... Bxd5 12. Nc3 $14) 12. dxe5 Nxd5 13. Qb3 e6 14. Rd1 Qe7 15. Bd2 Rfd8 16. Nc3 g5 17. Nxd5 Bxd5 18. Bc4 gxf4 19. Bxd5 Rxd5 20. exf4 Rad8 21. Be3 Qd7 22. Rxd5 Qxd5 23. Qxd5 exd5 24. Rd1 c5 25. Kf2 d4 26. Bd2 Kf7 27. h3 h5 28. Kf3 Ke6 29. g4 hxg4+ 30. hxg4 Rh8 31. gxf5+ Kxf5 32. Re1 Rh3+ 33. Kg2 Rd3 34. Bc1 Bf8 35. Kf2 Be7 36. Kg2 (36. Rh1 $17 {is the only way for White.}) 36... c4 37. a3 c3 38. bxc3 dxc3 39. Re2 b5 40. e6 Kf6 $19 41. Be3 a5 42. Bc1 Rd1 43. Rc2 Bxa3 44. Bxa3 Rd2+ 0-1

[Event "CZE-ch Youth B14 2022"]
[Site "Luhacovice"]
[Date "2022.03.16"]
[Round "6.5"]
[White "Zrubek, Dan"]
[Black "Jasso, Matej"]
[Result "1-0"]
[ECO "B99"]
[WhiteElo "1478"]
[BlackElo "1726"]
[Annotator "NA"]
[PlyCount "51"]
[EventDate "2022.03.12"]
[EventType "swiss"]
[EventCountry "CZE"]
[SourceTitle "playchess.com"]
[Source "ChessBase"]
[SourceQuality "1"]
[TimeControl "40/5400+30:1800+30"]

1. e4 c5 2. Nf3 d6 3. d4 cxd4 4. Nxd4 Nf6 5. Nc3 a6 6. Bg5 e6 7. f4 Be7 8. Qf3 Qc7 9. O-O-O Nbd7 10. Be2 b5 11. Bxf6 gxf6 12. e5 Bb7 13. Qh5 Nc5 14. Bxb5+ axb5 15. Ndxb5 Qc6 16. exd6 Bd8 17. d7+ Ke7 18. Rhe1 Nxd7 19. Nd6 Rf8 20. Nf5+ Ke8 21. Ng7+ Ke7 22. Nd5+ Qxd5 23. Rxd5 Bxd5 24. Qxd5 Ra5 25. Nf5+ Ke8 26. Rxe6+ 1-0

[Event "CZE-ch Youth B14 2022"]
[Site "Luhacovice"]
[Date "2022.03.16"]
[Round "6.6"]
[White "Setina, Vaclav"]
[Black "Juracak, David"]
[Result "1-0"]
[ECO "C42"]
[WhiteElo "1881"]
[BlackElo "1717"]
[Annotator "NA"]
[PlyCount "81"]
[EventDate "2022.03.12"]
[EventType "swiss"]
[EventCountry "CZE"]
[SourceTitle "playchess.com"]
[Source "ChessBase"]
[SourceQuality "1"]
[TimeControl "40/5400+30:1800+30"]

1. e4 e5 2. Nf3 Nf6 3. Nxe5 d6 4. Nf3 Nxe4 5. d4 d5 6. Bd3 Bf5 7. O-O Be7 8. Re1 O-O 9. c4 {[%emt 0:00:54] 9.Nbd2 gains popularity.} Nc6 10. Nc3 Nxc3 11. bxc3 Bxd3 12. Qxd3 Re8 13. Bf4 dxc4 $1 14. Qxc4 {[%emt 0:06:54] [#]} Qd7 $146 ({Predecessor:} 14... Bd6 $14 15. Ng5 Qf6 16. Qd3 Qg6 17. Qxg6 hxg6 18. Bxd6 cxd6 19. Ne4 Rad8 20. d5 Ne5 {0-1 (44) Bensch,P (2168)-Wegerle,J (2405) Austria 2018}) 15. d5 Na5 16. Qxc7 Qxc7 17. Bxc7 Nc4 18. Re4 Nd6 {[%emt 0:02:58] [#]} 19. Rxe7 $1 Rxe7 20. Bxd6 Rd7 21. Be5 Rxd5 22. Bd4 Re8 23. Bxa7 Ra8 24. Bd4 Rda5 25. g3 Rxa2 26. Re1 Ra1 27. Kg2 Rxe1 28. Nxe1 f6 29. Nd3 Rd8 30. Kf3 Kf7 31. Nc5 b5 32. Ke3 Rb8 33. Kd3 Ke7 34. Kc2 Kd6 (34... Ra8 {might work better.} 35. Be3 Kd6) 35. Kb3 Kd5 36. Na6 $18 Rb7 37. Kb4 Kd6 38. Nc5 Rb8 39. Be3 Kd5 40. Nb3 Rc8 41. Nd4 1-0

[Event "CZE-ch Youth B14 2022"]
[Site "Luhacovice"]
[Date "2022.03.16"]
[Round "6.7"]
[White "Svoboda, Daniel"]
[Black "Babula, Matej"]
[Result "1-0"]
[ECO "C47"]
[WhiteElo "1619"]
[BlackElo "1753"]
[Annotator "NA"]
[PlyCount "61"]
[EventDate "2022.03.12"]
[EventType "swiss"]
[EventCountry "CZE"]
[SourceTitle "playchess.com"]
[Source "ChessBase"]
[SourceQuality "1"]
[TimeControl "40/5400+30:1800+30"]

1. e4 e5 2. Nf3 Nc6 3. Nc3 Nf6 4. d4 exd4 5. Nxd4 Bb4 6. Nxc6 bxc6 7. Bd3 O-O 8. O-O Re8 9. Qf3 Bd6 10. Bg5 Be5 11. Rfd1 Rb8 12. Rab1 d6 13. h3 h6 14. Be3 a5 15. Bf4 Nh5 16. Bxh6 gxh6 17. Qxh5 Qf6 18. Ne2 Rxb2 19. Rxb2 Bxb2 20. Qxa5 Bxh3 21. gxh3 Re5 22. Qd2 Rg5+ 23. Ng3 Bd4 24. Kg2 h5 25. f4 Rg7 26. Kh2 Bb6 27. Nxh5 Qh4 28. Nxg7 Ba5 29. Qe3 Bb6 30. Qg3 Bg1+ 31. Rxg1 1-0